 Dungeon Crawl Stone Soup version 0.25-a0-35-g747a2b3c0c (webtiles) character file.

Game seed: 15356360027472026950, levelgen mode: deterministic

8 Alarkh the Skirmisher (level 2, 24/24 HPs)
             Began as a Demonspawn Fighter on Oct 18, 2019.
             Got out of the dungeon alive.
             The game lasted 00:00:27 (422 turns).

Alarkh the Skirmisher (Demonspawn Fighter)           Turns: 422, Time: 00:00:28

Health: 24/24      AC:  6    Str: 16    XL:     2   Next: 0%
Magic:  2/2        EV:  6    Int:  9    God:
Gold:   26         SH:  9    Dex: 14    Spells: 1/1 levels left

rFire    . . .     SeeInvis .   a - +0 long sword
rCold    . . .     Gourm    .   c - +0 shield
rNeg     . . .     Faith    .   b - +0 scale mail
rPois    .         Spirit   .   (no helmet)
rElec    .         Reflect  .   (no cloak)
rCorr    .         Harm     .   (no gloves)
MR       .....                  (no boots)
Stlth    +.........             (no amulet)
HPRegen  0.08/turn              (no ring)
MPRegen  0.08/turn              (no ring)

@: no status effects
A: thin skeletal structure 1
a: no special abilities


You escaped.
You were not hungry.

You visited 1 branch of the dungeon, and saw 1 of its levels.

You collected 26 gold pieces.

Inventory:

Hand Weapons
 a - a +0 long sword (weapon)
Armour
 b - a +0 scale mail (worn)
 c - a +0 shield (worn)
Scrolls
 e - a scroll of immolation {unknown}
 h - 3 scrolls of teleportation {unknown}
Potions
 d - a potion of might
Comestibles
 f - 2 rations
 g - 5 chunks of flesh


   Skills:
 + Level 3.1 Fighting
 + Level 1.8 Long Blades
 + Level 2.8 Armour
 + Level 2.8 Shields


You had one spell level left.
You didn't know any spells.
Your spell library was empty.

Dungeon Overview and Level Annotations

Branches:
Dungeon (1/15)

Altars:


Innate Abilities, Weirdness & Mutations

You have a somewhat thin skeletal structure. (Dex +2, Stealth)


Message History

You block the hobgoblin's attack.
A hobgoblin is nearby!
Your scale mail prevents you from hitting the hobgoblin.
The hobgoblin is heavily wounded.
You block the hobgoblin's attack.
A hobgoblin is nearby!
You hit the hobgoblin.
You kill the hobgoblin!
You have reached level 2!
Your demonic ancestry asserts itself...
Your bones become slightly less dense.
You see here a goblin skeleton.
There is a stone staircase leading down here.
You see here a frilled lizard skeleton.
There is an open door here.
There is an open door here.
There is a dry fountain here.
There is a staircase leading out of the dungeon here.
Are you sure you want to leave the Dungeon?
This will make you lose the game!
You have escaped!

###########
###.........####
.............(.##
.....⌠...⌠......#
..⌠.........⌠...##
.......≈.........#
.⌠...........⌠...#
....≈.....≈.....@########
.⌠...........⌠...#......#
###
...[...≈.........#.####.#
#..
..⌠.........⌠...##.####.#
#.#
.....⌠...⌠......#....##.#
##.#
...............###.#.##.#
#..# ###.........####
#.#.##.# #...
############## #.#.##.#
#.## ....###.####.#
##......# #...


There were no monsters in sight!

Vanquished Creatures
  2 giant cockroaches (D:1)
  A hobgoblin (D:1)
  A frilled lizard (D:1)
  2 goblins (D:1)
  2 rats (D:1)
8 creatures vanquished.

Notes
Turn   | Place    | Note
-------+----------+-------------------------------------------
     0 | D:1      | Alarkh the Demonspawn Fighter began the quest for the Orb.
     0 | D:1      | Reached XP level 1. HP: 18/18 MP: 1/1
   309 | D:1      | Gained mutation: You have a somewhat thin skeletal
                  | structure. (Dex +2, Stealth) [demonic ancestry]
   309 | D:1      | Reached XP level 2. HP: 22/24 MP: 2/2
   422 | D:$      | Got out of the dungeon alive.

Levels and vault maps discovered:
D:1:      dpeg_arrival_stone_temple_mockup, layout_loops_corners,
          minmay_misc_feat_pillars, chequers_mini_garden, glass_columns_a

Action                   || total
-------------------------++-------
Melee: Long sword        ||    26
Armor: Scale mail        ||     8
Dodge: Dodged            ||     7
Block: Shield            ||    13
       Rpst.: Long sword ||     3

Table legend:
 A = Non-vault XP
 B = Vault XP
 C = Vault XP percentage of total XP
 D = Non-vault monster count
 E = Vault monster count
 F = Vault count percentage of total count
                 A         B        C        D         E       F
            +---------+---------+-------+---------+---------+-------
      Total |      12 |       0 |   0.0 |       8 |       0 |   0.0
            +---------+---------+-------+---------+---------+-------
        D:1 |      12 |       0 |   0.0 |       8 |       0 |   0.0
            +---------+---------+-------+---------+---------+-------
